 Dungeon Crawl Stone Soup version 0.22.1-6-g1668fe2 (webtiles) character file.

88 Kairos the Shield-Bearer (level 4, -5/24 HPs)
             Began as a Vine Stalker Fighter on Jan 23, 2019.
             Killed from afar by an orc wizard (7 damage)
             ... with a puff of frost
             ... on level 3 of the Dungeon.
             The game lasted 00:01:54 (1846 turns).

Kairos the Shield-Bearer (Vine Stalker Fighter)     Turns: 1846, Time: 00:01:56

Health: -5/24      AC:  6    Str: 24    XL:     4   Next: 54%
Magic:  0/5        EV:  8    Int:  8    God:
Gold:   163        SH: 10    Dex: 14    Spells: 3/3 levels left

rFire    . . .     SeeInvis .   a - +0 war axe
rCold    . . .     Gourm    .   c - +0 shield
rNeg     . . .     Faith    .   b - +0 scale mail
rPois    .         Spirit   +   (no helmet)
rElec    .         Reflect  .   (no cloak)
rCorr    .         Harm     .   (no gloves)
MR       +....                  (no boots)
Stlth    +.........             (no amulet)
HPRegen  0.48/turn              k - ring of protection from magic
MPRegen  0.09/turn              p - ring of stealth

@: mighty
A: fangs 2, regeneration 1, magic shield, antimagic bite, no potion heal 3, rot
immunity
a: no special abilities


You were on level 3 of the Dungeon.
You were not hungry.

You visited 1 branch of the dungeon, and saw 3 of its levels.

You collected 163 gold pieces.

Inventory:

Hand Weapons
 a - a +0 war axe (weapon)
Armour
 b - a +0 scale mail (worn)
 c - a +0 shield (worn)
Jewellery
 k - a ring of protection from magic (left hand)
 p - a ring of stealth (right hand)
Wands
 t - a wand of scattershot (4)
 u - a wand of paralysis (16)
Scrolls
 h - a scroll of teleportation {unknown}
 i - a scroll of enchant weapon {unknown}
 m - a scroll of blinking {unknown}
 o - 3 scrolls of remove curse {unknown}
 q - a scroll of immolation {unknown}
 r - a scroll of random uselessness {unknown}
 s - a scroll of fog {unknown}
Potions
 e - a potion of heal wounds {unknown}
 g - a potion of invisibility {unknown}
 j - a potion of mutation {unknown}
 l - a potion of degeneration {unknown}
 n - a potion of brilliance {unknown}
Comestibles
 f - 6 rations


   Skills:
 + Level 3.0 Fighting
 + Level 2.8 Axes
 + Level 2.9 Armour
 + Level 0.9 Dodging
 + Level 3.1 Shields


You had 3 spell levels left.
You didn't know any spells.
Your spell library was empty.

Dungeon Overview and Level Annotations

Branches:
Dungeon (3/15)

Altars:
Elyvilon


Innate Abilities, Weirdness & Mutations

You have extremely sharp teeth.
Your natural rate of healing is unusually fast.
When hurt, damage is shared between your health and your magic reserves.
Your bite disrupts and absorbs the magic of your enemies.
Potions cannot restore your health.
You are immune to rotting.


Message History

You closely miss the orc wizard.
The orc wizard gestures at you while chanting.
The puff of flame hits you! The frilled lizard barely misses you.
You block the orc's attack.
The orc wizard points at you and mumbles some strange words.
The puff of flame hits you!
The orc priest invokes the aid of Beogh against you.
Beogh smites you!
* * * LOW HITPOINT WARNING * * *
The frilled lizard barely misses you.
You feel very mighty all of a sudden. The orc barely misses you.
You block the frilled lizard's attack.
You slash the orc priest! Your bite misses the orc priest.
The orc priest is severely wounded.
You hit the orc wizard. You hit the frilled lizard.
You kill the frilled lizard!
You barely miss the orc. You block the orc wizard's attack.
The orc wizard gestures at you while chanting.
The puff of frost hits you!
You die...

#.# ... # #####.# ####.
...#.#
.....###.#.##########
....................#
#...................#
#......%.=.######...###
..#o@...# #.......##
#....ooo...# #.........
..r........# #.........
...........# ###...##..
#.........## #...##..
#.........# ######..
#.........# #..
####..##### #.. ###


You could see an orc priest, an orc wizard, 2 orcs and a rat.

Vanquished Creatures
  2 adders (D:2)
  An ooze (D:2)
  A worm (D:2)
  6 dart slugs
  2 leopard geckos
  2 orcs (D:3)
  3 giant cockroaches (D:2)
  7 goblins
  8 hobgoblins
  A quokka (D:2)
  7 bats
  2 frilled lizards
  A kobold (D:1)
  4 rats
47 creatures vanquished.

Notes
Turn   | Place    | Note
-------+----------+-------------------------------------------
     0 | D:1      | Kairos the Vine Stalker Fighter began the quest for the
                  | Orb.
     0 | D:1      | Reached XP level 1. HP: 11/11 MP: 2/2
    61 | D:1      | Reached XP level 2. HP: 13/16 MP: 3/3
   443 | D:1      | Reached XP level 3. HP: 18/19 MP: 2/4
  1263 | D:2      | Gained mutation: Your natural rate of healing is unusually
                  | fast. [Vine Stalker growth]
  1263 | D:2      | Reached XP level 4. HP: 20/23 MP: 3/5
  1716 | D:3      | Found a white marble altar of Elyvilon.
  1844 | D:3      | HP: 1/24 [orc priest/divine providence (9)]
  1846 | D:3      | Killed from afar by an orc wizard

Skill      XL: |  1  2  3  4 |
---------------+-------------+-----
Axes           | 2 |  2.8
Shields        | 3 |  3.1
Fighting       | 3 |  3.0
Armour         | |  2.9
Dodging        | |  0.9

Action                   |  1- 3 |  4- 6 || total
-------------------------+-------+-------++-------
Melee: War axe           |   102 |    24 ||   126
       Bite              |    20 |     6 ||    26
  Use: Potion            |       |     1 ||     1
  Eat: Chunk             |       |     3 ||     3
Armor: Scale mail        |    92 |    11 ||   103
Dodge: Dodged            |    53 |     6 ||    59
Block: Shield            |    79 |    13 ||    92
